 Dungeon Crawl Stone Soup version 0.32-a0-738-g1a05c61 (webtiles) character file.

Game seed: 10686916769038882959

239 Foodle the Changeling (level 5, -1/49 HPs)
             Began as a Troll Shapeshifter on Mar 17, 2024.
             Was a Follower of Vehumet.
             Slain by a gnoll bouda
             ... wielding a +0 whip
              (7 damage)
             ... on level 2 of the Dungeon.
             The game lasted 00:14:02 (1413 turns).

Foodle the Changeling (Troll Shapeshifter)          Turns: 1413, Time: 00:14:02

Health: -1/49      AC:  4    Str: 24    XL:     5   Next: 79%
Magic:  4/4        EV:  9    Int:  6    God:    Vehumet [*.....]
Gold:   77         SH:  0    Dex:  9    Spells: 3/4 levels left

rFire   . .          .
                       - Unarmed
rCold   . . .        (no shield)
rNeg    . . .        a - +0 animal skin
rPois   .            (helmet currently unavailable)
rElec   .            (cloak currently unavailable)
rCorr   .            (gloves unavailable)
SInv    .            (boots unavailable)
Will    .....        (no amulet)
Stlth   +            (no ring)
HPRegen 1.08/turn    (no ring)
MPRegen 0.09/turn

%: no passive effects
@: beast-form, weakened
A: beast (slay +3), large, unfitting armour, claws 3, regeneration 1, shaggy fur
1, tough skin 1
a: Begin Untransformation, Renounce Religion


You were on level 2 of the Dungeon.
You worshipped Vehumet.
Vehumet was aware of your devotion.
You were a hulking beast.
You visited 1 branch of the dungeon, and saw 3 of its levels.

You collected 77 gold pieces.

Inventory:

Armour
 a - a +0 animal skin (worn)
Talismans
 c - a beast talisman (active)
 d - a flux talisman
Scrolls
 f - 2 scrolls of noise {unknown}
 g - a scroll of teleportation
 k - a scroll of revelation {unknown}
 m - a scroll of identify {unknown}
 n - a scroll of enchant armour {unknown}
Potions
 b - 2 potions of lignification
 e - a potion of ambrosia {unknown}
 h - a potion of enlightenment {unknown}
 i - a potion of might {unknown}
 j - a potion of haste {unknown}
 l - a potion of heal wounds {unknown}


   Skills:
 - Level 2.0 Fighting
 - Level 2.0 Dodging
 - Level 3.0 Unarmed Combat
 + Level 5.5 Shapeshifting


You had 3 spell levels left.
You knew the following spells:

 Your Spells              Type           Power      Damage    Failure   Level
a - Sting                 Conj/Alch      0%         1d3       45%         1

Your spell library contained the following spells:

 Spells                   Type           Power      Damage    Failure   Level


Dungeon Overview and Level Annotations

Branches:
Dungeon (3/15)

Altars:
Vehumet


Innate Abilities, Weirdness & Mutations

You are a hulking beast.
Your limbs bulge with bestial killing power. (Slay +3)
You are too large for most types of armour.
You have claws for hands.
Your natural rate of healing is unusually fast.
You are covered in fur. (AC +1)
You have tough skin. (AC +1)


Message History

Vehumet accepts your kill.
The gnoll bouda gazes fiercely through you!
You feel as though you will be weak longer.
The gnoll bouda hits you with a +0 whip!
* * * LOW HITPOINT WARNING * * *
The gnoll bouda barely misses you.
You climb upwards.
There is a stone staircase leading down here.
You claw the gnoll bouda!
The gnoll bouda is almost dead.
The gnoll bouda mumbles some strange prayers to its god.
The gnoll bouda is healed somewhat.
You scratch the gnoll bouda but do no damage.
The gnoll bouda is heavily wounded.
The gnoll bouda hits you with a +0 whip.
* * * LOW HITPOINT WARNING * * *
You scratch the gnoll bouda.
The gnoll bouda is severely wounded.
The gnoll bouda hits you with a +0 whip.
* * * LOW HITPOINT WARNING * * *
You scratch the gnoll bouda.
The gnoll bouda is almost dead.
The gnoll bouda mumbles some strange prayers to its god.
The gnoll bouda is healed somewhat.
You scratch the gnoll bouda but do no damage.
The gnoll bouda is severely wounded.
The gnoll bouda gazes fiercely through you!
You feel as though you will be weak longer.
The gnoll bouda barely misses you.
You closely miss the gnoll bouda.
The gnoll bouda is severely wounded.
The gnoll bouda hits you with a +0 whip.
* * * LOW HITPOINT WARNING * * *
You scratch the gnoll bouda. Your claw misses the gnoll bouda.
The gnoll bouda is almost dead.
The gnoll bouda closely misses you.
You barely miss the gnoll bouda.
The gnoll bouda is almost dead.
The gnoll bouda hits you with a +0 whip!
You die...

#.#####.##.......# #.#
#.##.......# #[#
#.##.......# #.#
#........†.# #.#
#..#.......# #.#
#........[.#
######.######.#.#.#####
#.............#........
#.####h................
#.#....g..........###..
#####.###.##.########## #..
#.....#..............####..
#.##########...........)[..
#.........)..........####..
###################..# #..
#.......##..# #.^
######.......##..# #..


You could see a gnoll bouda.

Vanquished Creatures
  Sigmund (D:2)
  2 gnolls (D:3)
  An adder (D:2)
  3 dart slugs
  5 endoplasms
  2 giant cockroaches
  4 goblins
  5 hobgoblins
  3 jackals (D:1)
  4 quokkas
  3 ball pythons
  4 bats (D:1)
  6 kobolds
  2 rats (D:1)
45 creatures vanquished.

Notes
Turn   | Place    | Note
-------+----------+-------------------------------------------
     0 | D:1      | Foodle the Troll Shapeshifter began the quest for the Orb.
     0 | D:1      | Reached XP level 1. HP: 18/18 MP: 0/0
    87 | D:1      | Reached skill level 1 in Fighting
   147 | D:1      | Reached XP level 2. HP: 27/27 MP: 1/1
   532 | D:1      | Reached XP level 3. HP: 35/35 MP: 2/2
   874 | D:2      | Found a faded altar of an unknown god.
   889 | D:2      | Prayed at the altar of an unknown god.
   889 | D:2      | Became a worshipper of Vehumet
   889 | D:2      | Reached * piety under Vehumet
   889 | D:2      | Offered knowledge of Sting by Vehumet.
   892 | D:2      | Learned a level 1 spell: Sting
  1082 | D:2      | Noticed Sigmund
  1099 | D:2      | Killed Sigmund
  1100 | D:2      | Reached skill level 5 in Shapeshifting
  1100 | D:2      | Reached XP level 4. HP: 6/42 MP: 3/3
  1100 | D:2      | Reached XP level 5. HP: 7/49 MP: 4/4
  1413 | D:2      | Slain by a gnoll bouda

Illustrated notes

Levels and vault maps discovered:
D:1:      nzn_arrival_depleted_hourglass, layout_loops_ring
D:2:      layout_basic, ebering_ecumenical_altar_ruins,
          minmay_misc_feat_enclosed, amcnicky_mini_rare_corridor_liquid,
          uniq_sigmund
D:3:      layout_loops_corners, amethyst_overflow_temple_binary,
          serial_co_window_serial, co_window_paths_a, co_window_paths_a,
          co_window_paths_a, co_window_corner_a, co_window_paths_a,
          co_window_paths_a, co_window_of_opportunity_a,
          co_window_of_opportunity_b, co_window_cross_3,
          co_window_unsneaky_path_a, co_window_4corner_a, co_window_paths_e,
          glass_columns_b, serial_bayou_pond_c

Skill      XL: |  1  2  3 |
---------------+----------+-----
Fighting       | 1 2 |  2.0
Dodging        | 2 |  2.0
Shapeshifting  | 5 |  5.5
Unarmed Combat | |  3.0

Action                     |  1- 3 |  4- 6 || total
---------------------------+-------+-------++-------
  Melee: Unarmed           |    75 |    23 ||    98
         Punch             |     2 |     1 ||     3
    Use: Scroll            |     1 |       ||     1
   Stab: Sleeping          |     1 |       ||     1
 Armour: Animal skin       |    45 |    13 ||    58
  Dodge: Dodged            |    28 |     7 ||    35

Table legend: (Time is in decaauts)
 A = Elapsed time spent in this place.
 B = Non-inter-level travel time spent in this place.
 C = Inter-level travel time spent in this place.
 D = Time resting spent in this place.
 E = Time spent auto-exploring this place.
 F = Levels seen in this place.
 G = Mean time per level.
                   A        B        C        D        E       F      G
               +--------+--------+--------+--------+--------+-----+--------+
         Total |   1407 |   1351 |     56 |     33 |    969 |   3 |  469.0 |
       Dungeon |   1407 |   1351 |     56 |     33 |    969 |   3 |  469.0 |
               +--------+--------+--------+--------+--------+-----+--------+

Top non-repeatable levels by time:
     D:1: 736 daAuts
     D:2: 662 daAuts
     D:3: 8 daAuts
